 Dungeon Crawl Stone Soup version 0.30.1-11-g7821555f0a (webtiles) character file.

Game seed: 4612046259545766773

11 KittyFluff the Trooper (level 2, -1/19 HPs)
             Began as a Gargoyle Berserker on Nov 6, 2023.
             Was a Follower of Trog.
             Slain by a kobold
             ... wielding a +2 dagger of distortion
              (3 damage)
             ... on level 1 of the Dungeon.
             The game lasted 00:00:56 (180 turns).

KittyFluff the Trooper (Gargoyle Berserker)          Turns: 180, Time: 00:00:57

Health: -1/19      AC:  5    Str: 20    XL:     2   Next: 25%
Magic:  2/2        EV: 11    Int:  7    God:    Trog [*.....]
Gold:   36         SH:  0    Dex:  9    Spells: 1/1 levels left

rFire   . . .        a - +0 mace
rCold   . . .        (no shield)
rNeg    + . .        b - +0 animal skin
rPois   ∞            (no helmet)
rElec   +            (no cloak)
rCorr   .            (no gloves)
SInv    .            (no boots)
Will    .....        (no amulet)
Stlth   +            (no ring)
HPRegen 0.23/turn    (no ring)
MPRegen 0.08/turn

%: no passive effects
@: no status effects
A: sickness immunity, AC +2, negative energy resistance 1, electricity
resistance, torment resistance 1, petrification resistance
a: Renounce Religion, Berserk


You were on level 1 of the Dungeon.
You worshipped Trog.
Trog was aware of your devotion.
You visited 1 branch of the dungeon, and saw 1 of its levels.

You collected 36 gold pieces.

Inventory:

Hand Weapons
 a - a +0 mace (weapon)
Armour
 b - a +0 animal skin (worn)
Scrolls
 c - a scroll of enchant weapon {unknown}


   Skills:
 + Level 3.4 Fighting
 * Level 3.2 Maces & Flails
 * Level 2.6 Armour
 - Level 1.5 Dodging


You had one spell level left.
You didn't know any spells.
Your spell library was empty.

Dungeon Overview and Level Annotations

Branches:
Dungeon (1/15)

Altars:


Innate Abilities, Weirdness & Mutations

You are immune to sickness and miasma.
Your stone body is resilient. (AC +2)
You are immune to poison.
You resist negative energy. (rN+)
You are resistant to electric shocks. (rElec)
You are resistant to unholy torment.
You are immune to petrification.


Message History

A ball python comes into view.
Found a buckler.
A kobold comes into view.
It is wielding a +2 dagger of distortion.
Found a red potion and a ring mail.
The kobold shouts!
An endoplasm comes into view.
The ball python hisses angrily.
Found 15 gold pieces.
You sock the ball python!
You kill the ball python!
Trog accepts your kill.
You hit the kobold.
The kobold is severely wounded.
The kobold closely misses you.
You closely miss the kobold.
The kobold is severely wounded.
The kobold barely misses you.
The kobold hits you with a +2 dagger of distortion.
You closely miss the kobold. Your punch misses the kobold.
The kobold is severely wounded.
The kobold hits you with a +2 dagger of distortion.
You blink.
The endoplasm barely misses you.
You barely miss the endoplasm.
The endoplasm hits you but does no damage.
You hit the endoplasm.
The endoplasm is heavily wounded.
The endoplasm completely misses you.
You completely miss the endoplasm.
The endoplasm is heavily wounded.
The kobold hits you with a +2 dagger of distortion.
Space warps around you.
* * * LOW HITPOINT WARNING * * *
The endoplasm freezes you.
You are frozen.
* * * LOW HITPOINT WARNING * * *
The kobold barely misses you. The endoplasm closely misses you.
You fail to use your ability.
The kobold hits you with a +2 dagger of distortion.
You die...

########........
####........
#.....###...
#.##..# ..
####!##.### #
..........#
.........[#
......JK..######
.[.....@........
#..........####..
#..$.......#
#######.### #.#
#.# #.# ... ..


You could see an endoplasm and a kobold.

Vanquished Creatures
  An endoplasm (D:1)
  2 goblins (D:1)
  A kobold (D:1)
  A quokka (D:1)
  2 ball pythons (D:1)
  3 bats (D:1)
10 creatures vanquished.

Notes
Turn   | Place    | Note
-------+----------+-------------------------------------------
     0 | D:1      | KittyFluff the Gargoyle Berserker began the quest for the
                  | Orb.
     0 | D:1      | Reached XP level 1. HP: 14/14 MP: 1/1
   130 | D:1      | Reached XP level 2. HP: 19/19 MP: 2/2
   180 | D:1      | Slain by a kobold

Illustrated notes

Levels and vault maps discovered:
D:1:      co_arrival_square_in_a_square_in_a_square, layout_rooms,
          hellmonk_ecumenical_altar_prayer_group

Action                     || total
---------------------------++-------
  Melee: Mace              ||    33
 Armour: Animal skin       ||    24
  Dodge: Dodged            ||    36
